 Dungeon Crawl Stone Soup version 0.29.1-12-g30fa7ad0bf (webtiles) character file.

Game seed: 17948181147580279971

171 cdecastro the Cudgeller (level 5, -1/50 HPs)
             Began as an Ogre Warper on Dec 15, 2022.
             Was a Believer of Vehumet.
             Slain by a gnoll
             ... wielding a +0 spear
              (4 damage)
             ... on level 3 of the Dungeon.
             The game lasted 00:05:49 (3315 turns).

cdecastro the Cudgeller (Ogre Warper)               Turns: 3315, Time: 00:05:50

Health: -1/50      AC:  7    Str: 17    XL:     5   Next: 51%
Magic:  8/8        EV:  9    Int: 14    God:    Vehumet [**....]
Gold:   158        SH:  0    Dex:  8    Spells: 3/8 levels left

rFire   . . .      SeeInvis .   a - +0 mace
rCold   + . .      Faith    .   (no shield)
rNeg    . . .      Spirit   .   b - +0 robe
rPois   .          Reflect  .   (helmet restricted)
rElec   .          Harm     .   (no cloak)
rCorr   .          Rampage  .   (gloves unavailable)
Will    .....                   (boots unavailable)
Stlth   +.........              (no amulet)
HPRegen 0.16/turn               f - ring of protection from cold
MPRegen 0.11/turn               g - +4 ring of protection

@: no status effects
A: large, unfitting armour, tough skin 1
a: Renounce Religion


You were on level 3 of the Dungeon.
You worshipped Vehumet.
Vehumet was pleased with you.
You visited 1 branch of the dungeon, and saw 4 of its levels.

You collected 158 gold pieces.

Inventory:

Hand Weapons
 a - a +0 mace (weapon)
 y - a +2 hand axe of flaming
Missiles
 d - 7 boomerangs of dispersal (quivered)
Armour
 b - a +0 robe (worn)
Jewellery
 f - a ring of protection from cold (left hand)
 g - a +4 ring of protection (right hand)
 h - a ring of positive energy
 s - a ring of see invisible
Wands
 r - a wand of iceblast (13)
Scrolls
 c - a scroll of blinking
 k - 5 scrolls of identify {unknown}
 l - a scroll of silence {unknown}
 o - a scroll of amnesia {unknown}
 t - a scroll of enchant weapon {unknown}
 u - 5 scrolls of fear {unknown}
 v - a scroll of torment {unknown}
 x - a scroll of immolation {unknown}
Potions
 e - a potion of magic {unknown}
 i - a potion of lignification {unknown}
 j - a potion of flight {unknown}
 m - 2 potions of might {unknown}
 n - 2 potions of heal wounds {unknown}
 p - a potion of ambrosia {unknown}
 q - 2 potions of curing {unknown}
 w - a potion of brilliance {unknown}
 z - a potion of mutation {unknown}


   Skills:
 - Level 2.6 Fighting
 - Level 3.4 Maces & Flails
 - Level 1.0 Throwing
 - Level 2.1 Dodging
 - Level 2.4 Spellcasting
 * Level 3.4 Conjurations
 - Level 2.6 Translocations


You had 3 spell levels left.
You knew the following spells:

 Your Spells              Type           Power      Damage    Failure   Level
a - Blink                 Tloc           18%        N/A       12%         2
b - Magic Dart            Conj           44%        1d5       5%          1
c - Static Discharge      Conj/Air       6%         3-4/arc   17%         2

Your spell library contained the following spells:

 Spells                   Type           Power      Damage    Failure   Level
 Slow                     Hex            4%         N/A       22%         1
 Summon Small Mammal      Summ           4%         N/A       22%         1
 Gell's Gravitas          Tloc           9%         N/A       22%         3
 Lesser Beckoning         Tloc           9%         N/A       22%         3
 Teleport Other           Tloc           9%         N/A       22%         3
 Call Canine Familiar     Summ           1%         N/A       56%         3
 Confusing Touch          Hex            1%         N/A       56%         3
 Summon Guardian Golem    Hex/Summ       1%         N/A       56%         3
 Vampiric Draining        Necr           1%         2d6       56%         3
 Manifold Assault         Tloc           9%         N/A       91%         5


Dungeon Overview and Level Annotations

Branches:
Dungeon (4/15)
 Temple: D:4-7

Altars:
Dithmenos
Hepliaklqana
Vehumet
The Shining One


Innate Abilities, Weirdness & Mutations

You are too large for most types of armour.
You have tough skin. (AC +1)


Message History

You climb upwards.
There is a stone staircase leading down here.
You hit the gnoll.
The gnoll is moderately wounded.
The gnoll hits you but does no damage. The gnoll closely misses you.
Unknown command.
You hit the gnoll.
The gnoll is heavily wounded.
The gnoll hits you with a +0 spear.
* * * LOW HITPOINT WARNING * * *
The gnoll barely misses you. The gnoll hits you with a +0 spear.
* * * LOW HITPOINT WARNING * * *
The gnoll hits you with a +0 halberd.
* * * LOW HITPOINT WARNING * * *
You hit the gnoll. You punch the gnoll, but do no damage.
The gnoll is almost dead.
The gnoll hits you with a +0 spear.
* * * LOW HITPOINT WARNING * * *
The gnoll closely misses you.
Unknown command.
You hit the gnoll.
You kill the gnoll!
Vehumet accepts your kill. The gnoll barely misses you.
Unknown command.
You hit the gnoll.
The gnoll is heavily wounded.
The gnoll closely misses you.
Unknown command.
You barely miss the gnoll.
The gnoll is heavily wounded.
The gnoll hits you with a +0 spear.
* * * LOW HITPOINT WARNING * * *
Unknown command.
You hit the gnoll.
The gnoll is heavily wounded.
The gnoll hits you with a +0 spear.
* * * LOW HITPOINT WARNING * * *
The gnoll hits you with a +0 spear.
You die...

###.......####.#####.#.#.#
...................#.#.#.#
#########..........#.#.#.#
###.## #..........#.#.#.#
#..#.## #..........#.#.#.#
.#.#P.###............#.#.#
P#P..#.##..........###.#.#
.....#P##.#....#.### #.#.#
.~~~P...#.......@#####.#.#
~~~~~P..#.#.##.g)......#.#
≈≈.≈≈~~.#.#.####.#######.#
≈≈#~≈≈#.#................#
.###.#####.#+###+#########
..#...#....#.....#
...........#.≈≈≈.#
...........#.....###
...........'.._..'.###


You could see a gnoll.

Vanquished Creatures
  An iguana (D:4)
  6 adders
  A gnoll (D:3)
  A dart slug (D:1)
  9 orcs (D:4)
  5 ball pythons
  4 endoplasms
  2 giant cockroaches
  8 goblins
  8 hobgoblins
  4 kobolds
  4 quokkas
  7 bats
  5 frilled lizards
  4 rats
69 creatures vanquished.

Vanquished Creatures (others)
  A demonic plant (D:1)
  5 plants
  A withered plant (D:1)
7 creatures vanquished.

Grand Total: 76 creatures vanquished

Notes
Turn   | Place    | Note
-------+----------+-------------------------------------------
     0 | D:1      | cdecastro the Ogre Warper began the quest for the Orb.
     0 | D:1      | Reached XP level 1. HP: 22/22 MP: 3/3
   245 | D:1      | Reached XP level 2. HP: 21/29 MP: 5/5
   252 | D:1      | Learned a level 2 spell: Blink
   753 | D:1      | Found a faded altar of an unknown god.
   769 | D:1      | Reached XP level 3. HP: 33/36 MP: 6/6
  1058 | D:1      | Prayed at the altar of an unknown god.
  1058 | D:1      | Became a worshipper of Vehumet
  1058 | D:1      | Reached * piety under Vehumet
  1058 | D:1      | Offered knowledge of Magic Dart by Vehumet.
  1125 | D:2      | Learned a level 1 spell: Magic Dart
  1326 | D:2      | Reached skill level 1 in Conjurations
  1326 | D:2      | Reached XP level 4. HP: 41/44 MP: 7/7
  2193 | D:3      | Found a hazy altar of Hepliaklqana.
  2366 | D:3      | Reached ** piety under Vehumet
  2366 | D:3      | Offered knowledge of Static Discharge by Vehumet.
  2370 | D:3      | Learned a level 2 spell: Static Discharge
  2676 | D:4      | Found a glowing golden altar of the Shining One.
  2701 | D:4      | Reached XP level 5. HP: 35/50 MP: 8/8
  2813 | D:4      | Found a shadowy altar of Dithmenos.
  2987 | D:4      | Identified the +1 scale mail "Foerovve" {Dex+4}
  3315 | D:3      | Slain by a gnoll

Illustrated notes

Levels and vault maps discovered:
D:1:      dpeg_arrival_pits, layout_rooms, shapermc_ecumenical_altar_gd,
          minivault_4
D:2:      layout_basic
D:3:      wad_lake_hut, layout_basic, mainiacjoe_overflow_six_doors_small,
          hangedman_decor_peaks_small
D:4:      layout_basic, doesnt_xom_only_xom, mainiacjoe_overflow_chevrons,
          lemuel_crystal_altar

Skill      XL: |  1  2  3  4  5 |
---------------+----------------+-----
Maces & Flails | 2 3 |  3.4
Conjurations   | 1 2 3 |  3.4
Fighting       | |  2.6
Throwing       | |  1.0
Dodging        | |  2.1
Spellcasting   | |  2.4
Translocations | |  2.6

Action                   |  1- 3 |  4- 6 || total
-------------------------+-------+-------++-------
Melee: Mace              |   112 |   132 ||   244
       Punch             |       |     1 ||     1
 Cast: Magic Dart        |     1 |       ||     1
Armor: Robe              |    58 |    79 ||   137
Dodge: Dodged            |    70 |    97 ||   167
